 Dungeon Crawl Stone Soup version 0.24-a0-275-g6f7e2cb (webtiles) character file.

Game seed: 6723850121927487793

4725 Turkey the Blocker (level 10, -5/60 HPs)
             Began as a Formicid Venom Mage on Apr 28, 2019.
             Was a Priest of Hepliaklqana.
             Slain by a troll (14 damage)
             ... on level 8 of the Dungeon.
             The game lasted 00:29:50 (10192 turns).

Turkey the Blocker (Formicid Venom Mage)           Turns: 10192, Time: 00:29:52

Health: -5/60      AC: 16    Str: 15    XL:     10   Next: 73%
Magic:  8/27       EV:  6    Int: 16    God:    Hepliaklqana [***...]
Gold:   423        SH:  0    Dex: 11    Spells: 10/20 levels left

rFire    . . .     SeeInvis +   a - +3 flail
rCold    + . .     Gourm    .   t - +0 shield
rNeg     . . .     Faith    .   J - +1 ring mail {rC+}
rPois    +         Spirit   .   (helmet unavailable)
rElec    .         Reflect  .   F - +2 cloak {rPois}
rCorr    .         Harm     .   (no gloves)
MR       +....                  s - +1 pair of boots
Stlth    +.........             g - amulet of regeneration
HPRegen  0.60/turn              h - +3 ring of protection
MPRegen  0.20/turn              l - ring of magical power

@: marked, held
A: permanent stasis, dig shafts and tunnels, four strong arms, reduced essence,
antennae 3
a: Dig, Shaft Self, Recall Ancestor, Ancestor Identity, Transference, Renounce
Religion


You were on level 8 of the Dungeon.
You worshipped Hepliaklqana.
Hepliaklqana was most pleased with you.
You were not hungry.

You visited 2 branches of the dungeon, and saw 9 of its levels.
You also visited: Sewer.

You collected 423 gold pieces.

Inventory:

Hand Weapons
 a - a +3 flail (weapon)
Missiles
 e - 2 tomahawks of returning
 f - 17 tomahawks (quivered)
 w - 2 throwing nets
Armour
 s - a +1 pair of boots (worn)
 t - a +0 shield (worn)
 F - a +2 cloak of poison resistance (worn)
 J - a +1 ring mail of cold resistance (worn)
Jewellery
 g - an amulet of regeneration (around neck)
 h - a +3 ring of protection (left hand)
 l - a ring of magical power (right hand)
 p - an uncursed ring of protection from magic
Wands
 y - a wand of disintegration (15)
 H - a wand of acid (17)
Scrolls
 j - a scroll of fog {unknown}
 n - 3 scrolls of remove curse
 o - 2 scrolls of enchant weapon {unknown}
 z - a scroll of holy word {unknown}
 A - a scroll of magic mapping {unknown}
 B - a scroll of identify
 C - 2 scrolls of fear {unknown}
 E - 2 scrolls of noise
 G - a scroll of enchant armour
 I - a scroll of amnesia {unknown}
Potions
 b - 2 potions of resistance {unknown}
 d - a potion of mutation {unknown}
 k - 4 potions of flight
 m - 2 potions of brilliance
 q - a potion of agility {unknown}
 r - 3 potions of lignification
 u - a potion of magic {unknown}
 v - a potion of degeneration {unknown}
 x - 5 potions of curing
 D - a potion of heal wounds {unknown}
Comestibles
 c - 9 rations
 i - 6 chunks of flesh


   Skills:
 + Level 2.1 Fighting
 + Level 2.5 Maces & Flails
 - Level 8.0 Armour
 - Level 1.7 Dodging
 - Level 2.4 Stealth
 - Level 9.0 Shields
 + Level 5.9 Spellcasting
 * Level 3.5 Conjurations
 + Level 4.0 Air Magic
 + Level 8.1 Poison Magic


You had 10 spell levels left.
You knew the following spells:

 Your Spells              Type           Power        Failure   Level  Hunger
a - Sting                 Conj/Pois      ###.         2%          1    None
b - Poisonous Vapours     Pois/Air       ###...       3%          2    #......
c - Mephitic Cloud        Conj/Pois/Air  ###.....     9%          3    ##.....
d - Olgreb's Toxic Radia  Pois           ####....     9%          4    ####...

Your spell library contained the following spells:

 Spells                   Type           Power        Failure   Level  Hunger
 Animate Skeleton         Necr           N/A          24%         1    None
 Apportation              Tloc           #.....       24%         1    None
 Confusing Touch          Hex            #.....       24%         1    None
 Summon Small Mammal      Summ           #...         24%         1    None
 Venom Bolt               Conj/Pois      ###.......   52%         5    ######.


Dungeon Overview and Level Annotations

Branches:
Dungeon (8/15)             Temple (1/1) D:4            Lair (0/6) D:8

Altars:
Ashenzari
Cheibriados
Dithmenos
Gozag
Hepliaklqana
Kikubaaqudgha
Makhleb
Nemelex Xobeh
Okawaru
Qazlal
Ru
Sif Muna
Trog
Uskayaw
Vehumet
Wu Jian
Xom
Yredelemnul
The Shining One

Annotations:
D:4 3 runed translucent doors, Ratty's ghost, amateur DENe
D:7 exclusion: statue


Innate Abilities, Weirdness & Mutations

You cannot be hasted, slowed, berserked, paralysed or teleported.
You can dig through walls and to a lower floor.
Your four strong arms can wield two-handed weapons with a shield.
You have a pair of large antennae on your head. (SInv)
Your life essence is reduced to manifest your ancestor. (-10% HP)


Message History

You block the troll's attack. The troll claws you but does no damage.
The troll misses you. Harold gestures at you while chanting.
You block the harpoon shot.
Harold throws a throwing net.
The throwing net hits you.
You become entangled in the net!
You see here a throwing net.
You struggle against the net.
The troll bites you!
* * * LOW HITPOINT WARNING * * *
The troll barely misses you. The troll claws you but does no damage.
Harold casts a spell at you. The mark upon you grows brighter.
You struggle against the net.
You kill Harold!
Harold groans, "My... family..." and then collapses, dead.
Your Maces & Flails skill increases to level 2!
Your Air Magic skill increases to level 4!
Your Poison Magic skill increases to level 8!
The troll bites you!
You die...

#........## .# ##........##.##
#.............#
#####.........##..## .......
..............#....# ...... ..
#......$.......#######..... ..
######.....)...#...≈...#...###.
#............÷...#...#......##.
##.#.#........T@.##PP.##.....##.
................#..P.PP...#....#.
....#.#......(..#≈..P>PP.≈#..#...
................#..P.PP...#..##..
.....##...........##PPP##........
.....##............#...#.........
.....##.##..)....#...≈...#...)...
.....#..#####.)...#######........
.......#.......[..R..............


You could see a troll.

Vanquished Creatures
  Harold (D:8)
  Sigmund (D:3)
  Menkaure (D:7)
  Duvessa (D:6)
  2 sky beasts (D:6)
  Purgy (Sewer)
  2 orc warriors
  An ice beast (D:5)
  A phantom (D:8)
  2 ogres
  2 centaurs
  Blork the orc (D:5)
  3 bullfrogs
  Dowan (D:6)
  A bullfrog zombie (D:6)
  2 howler monkeys
  3 crimson imps
  A centaur zombie (D:8)
  2 hounds
  A bullfrog skeleton (D:6)
  A jelly (D:6)
  Crazy Yiuf (D:3)
  7 orc priests
  Terence (D:3)
  5 iguanas
  7 orc wizards
  5 worker ants
  2 hound skeletons
  Robin (D:3)
  2 worker ant zombies
  8 gnolls
  10 adders
  2 howler monkey skeletons (D:7)
  A shadow imp (D:5)
  An ooze (D:2)
  An adder skeleton (D:8)
  4 worms
  3 dart slugs
  8 leopard geckos
  28 orcs
  11 bats
  9 giant cockroaches
  8 goblins
  11 hobgoblins
  4 jackals
  9 kobolds
  6 quokkas
  3 ball pythons
  5 frilled lizards
  A leopard gecko skeleton (D:8)
  A quokka skeleton (D:6)
  10 rats
206 creatures vanquished.

Vanquished Creatures (collateral kills)
  An ice beast (D:8)
  An ogre (D:7)
  3 sky beasts
  A centaur (D:6)
  A scorpion (D:6)
  2 howler monkeys (D:7)
  A crimson imp (D:7)
  An orc priest (D:6)
  2 jellies
  A centaur skeleton (D:7)
  An adder (D:7)
  A shadow imp (D:7)
  6 orcs
  A quokka (D:7)
23 creatures vanquished.

Vanquished Creatures (others)
  A hexer (D:8)
  An ancestor (D:6)
  4 fungi (D:4)
6 creatures vanquished.

Grand Total: 235 creatures vanquished

Notes
Turn   | Place    | Note
-------+----------+-------------------------------------------
     0 | D:1      | Turkey the Formicid Venom Mage began the quest for the Orb.
     0 | D:1      | Reached XP level 1. HP: 13/13 MP: 3/3
   248 | D:1      | Reached XP level 2. HP: 19/19 MP: 1/5
   255 | D:1      | Learned a level 2 spell: Poisonous Vapours
   339 | D:1      | Reached skill level 1 in Conjurations
   687 | D:1      | Reached XP level 3. HP: 21/24 MP: 0/6
  1465 | D:2      | Reached skill level 5 in Poison Magic
  1521 | D:2      | Reached XP level 4. HP: 30/30 MP: 8/8
  1621 | D:2      | Reached skill level 1 in Air Magic
  2023 | D:2      | Reached XP level 5. HP: 35/35 MP: 9/9
  3057 | D:3      | Reached skill level 1 in Armour
  3067 | D:3      | Noticed Robin
  3073 | D:3      | Killed Robin
  3227 | D:3      | Found a glowing drain.
  3297 | Sewer    | Entered a sewer
  3532 | Sewer    | Noticed Purgy
  3558 | Sewer    | Killed Purgy
  3558 | Sewer    | Reached XP level 6. HP: 36/41 MP: 2/10
  3726 | D:3      | Noticed Sigmund
  3738 | D:3      | Killed Sigmund
  3738 | D:3      | Reached skill level 5 in Armour
  3738 | D:3      | Reached XP level 7. HP: 41/46 MP: 3/11
  3911 | D:3      | Found a runed translucent door.
  3912 | D:3      | Noticed Crazy Yiuf
  4209 | D:3      | Found an ancient bone altar of Kikubaaqudgha.
  4317 | D:3      | Found a shattered altar of Ashenzari.
  4604 | D:3      | Noticed Terence
  4607 | D:3      | Killed Terence
  4761 | D:3      | Found a hide-covered altar of Uskayaw.
  4861 | D:3      | Killed Crazy Yiuf
  5357 | D:4      | Found a staircase to the Ecumenical Temple.
  5396 | D:4      | Reached skill level 1 in Shields
  5633 | D:5      | Entered Level 5 of the Dungeon
  5698 | Temple   | Entered the Ecumenical Temple
  5807 | Temple   | Became a worshipper of Hepliaklqana the Forgotten
  5855 | D:4      | Reached skill level 2 in Shields
  5855 | D:4      | Reached XP level 8. HP: 18/46 MP: 9/12
  6067 | D:4      | Found a sacrificial altar of Ru.
  6407 | D:4      | Found a runed translucent gate.
  6408 | D:4      | Found a runed translucent gate.
  6408 | D:4      | Identified the +4 short sword of Moral Flaws {chaos, rF+
                  | rC- Dex+3 SInv}
  6411 | D:4      | Found a runed translucent gate.
  6417 | D:4      | Noticed Ratty's ghost (amateur DENe)
  6842 | D:5      | Reached skill level 3 in Shields
  6968 | D:5      | Noticed Blork the orc
  6978 | D:5      | Killed Blork the orc
  6978 | D:5      | Reached skill level 4 in Shields
  7010 | D:5      | Reached skill level 5 in Shields
  7196 | D:5      | Reached * piety under Hepliaklqana
  7209 | D:5      | Reached skill level 6 in Shields
  7209 | D:5      | Reached XP level 9. HP: 50/51 MP: 13/13
  7400 | D:5      | Learned a level 3 spell: Mephitic Cloud
  8025 | D:6      | Reached skill level 7 in Shields
  8026 | D:6      | Found a shadowy altar of Dithmenos.
  8303 | D:6      | Reached ** piety under Hepliaklqana
  8303 | D:6      | Noticed Duvessa
  8323 | D:6      | Killed Duvessa
  8330 | D:6      | Noticed Dowan
  8430 | D:6      | Killed Dowan
  8767 | D:6      | Remembered your ancestor Paullus as a hexer
  8812 | D:6      | Reached skill level 5 in Spellcasting
  8857 | D:6      | Reached XP level 10. HP: 57/57 MP: 17/17
  8967 | D:6      | Learned a level 4 spell: Olgreb's Toxic Radiance
  9034 | D:7      | Reached skill level 1 in Fighting
  9034 | D:7      | Reached skill level 8 in Shields
  9405 | D:7      | Found an ornate altar of the Wu Jian Council.
  9563 | D:7      | Found a glowing golden altar of the Shining One.
  9605 | D:7      | Noticed Menkaure
  9606 | D:7      | Found a radiant altar of Vehumet.
  9611 | D:7      | Killed Menkaure
  9913 | D:8      | Reached skill level 1 in Maces & Flails
  9937 | D:8      | Found a staircase to the Lair.
 10044 | D:8      | Found an iron altar of Okawaru.
 10044 | D:8      | Found a bloodstained altar of Trog.
 10138 | D:8      | Reached *** piety under Hepliaklqana
 10148 | D:8      | Reached skill level 9 in Shields
 10164 | D:8      | Noticed Harold
 10192 | D:8      | Killed Harold
 10192 | D:8      | Slain by a troll

Levels and vault maps discovered:
D:1:      dpeg_arrival_circle_labyrinth_c, layout_basic
D:2:      layout_basic, due_unseen_surprise
D:3:      layout_basic, kiku_gazebo_pond_becter, nicolae_overflow_crystal_walls,
          lemuel_coloured_pillars_altar, gup_sewer_entry_pipe, uniq_terence,
          uniq_crazy_yiuf_cottage, uniq_robin, uniq_sigmund
D:4:      layout_basic, nicolae_overflow_hidden_temple,
          nicolae_ru_the_path_less_chosen, minmay_temple_entry_wispy,
          gammafunk_ghost_nasty_kobolds
D:5:      cheibrodos_barr_body, layout_cave_pools, first_ration,
          uniq_blork_the_orc
D:6:      layout_basic, old_standard_altar, uniq_duvessa
D:7:      layout_cave_pools, vehumet_statue, nicolae_tso_swordbearing_angel,
          kennysheep_mini, uniq_menkaure
D:8:      layout_rooms, zin_academy, grunt_temple_overflow_bloody_war,
          dpeg_oklobed_lair, serial_co_window_serial, co_window_cross_1,
          co_window_corner_a, co_window_paths_a, co_window_corner_a,
          co_window_paths_a, co_window_paths_b, co_window_paths_b,
          co_window_cross_2, co_window_paths_c, glass_columns_a,
          glass_columns_c, glass_columns_a, uniq_harold
Temple:   nicolae_temple_figure_zero

Skill      XL: |  1  2  3  4  5  6  7  8  9 10 |
---------------+-------------------------------+-----
Conjurations   | 1 2 3 |  3.5
Poison Magic   | 5 7 8 |  8.1
Air Magic      | 1 3 4 |  4.0
Spellcasting   | 3 5 |  5.9
Armour         | 3 5 7 8 |  8.0
Shields        | 2 6 7 9 |  9.0
Fighting       | 2 |  2.1
Maces & Flails | 2 |  2.5
Dodging        | |  1.7
Stealth        | |  2.4

Action                   |  1- 3 |  4- 6 |  7- 9 | 10-12 || total
-------------------------+-------+-------+-------+-------++-------
Melee: Whip              |    49 |    80 |    30 |       ||   159
       Club              |     1 |       |       |       ||     1
       Unarmed           |     1 |       |       |       ||     1
       Flail             |       |       |   180 |   125 ||   305
 Cast: Sting             |    17 |       |     3 |       ||    20
       Poisonous Vapours |    14 |    68 |   113 |    31 ||   226
       Olgreb's Toxic Ra |       |       |       |     1 ||     1
Invok: Ancestor Life: He |       |       |     1 |       ||     1
 Abil: Dig               |     1 |       |       |       ||     1
Evoke: Wand              |       |       |     3 |       ||     3
  Use: Scroll            |       |     4 |     9 |       ||    13
 Stab: Sleeping          |     2 |       |     1 |     1 ||     4
       Distracted        |       |       |     1 |       ||     1
       Confused          |       |       |       |     2 ||     2
  Eat: Chunk             |     3 |    10 |    17 |     5 ||    35
       Ration            |       |       |     2 |       ||     2
Armor: Robe              |    14 |       |       |       ||    14
       Ring mail         |       |    73 |    89 |    59 ||   221
Dodge: Dodged            |    43 |    67 |   132 |    65 ||   307
Block: Buckler           |       |       |    12 |       ||    12
       Shield            |       |       |    56 |    80 ||   136

Table legend:
 A = Non-vault XP
 B = Vault XP
 C = Vault XP percentage of total XP
 D = Non-vault monster count
 E = Vault monster count
 F = Vault count percentage of total count
                 A         B        C        D         E       F
            +---------+---------+-------+---------+---------+-------
      Total |    4299 |    2452 |  36.3 |     190 |      39 |  17.0
            +---------+---------+-------+---------+---------+-------
        D:1 |      50 |       0 |   0.0 |      29 |       0 |   0.0
        D:2 |     158 |       3 |   1.9 |      29 |       2 |   6.5
        D:3 |      83 |     328 |  79.8 |      16 |      15 |  48.4
        D:4 |     406 |       0 |   0.0 |      21 |       0 |   0.0
        D:5 |     828 |     397 |  32.4 |      22 |      11 |  33.3
        D:6 |    1317 |     230 |  14.9 |      32 |       2 |   5.9
        D:7 |     765 |     172 |  18.4 |      24 |       1 |   4.0
        D:8 |     692 |    1180 |  63.0 |      17 |       2 |  10.5
      Sewer |       0 |     142 | 100.0 |       0 |       6 | 100.0
            +---------+---------+-------+---------+---------+-------
